| TOP OF THE 1ST |
|
Ohio State University Buckeyes batting - Pitching for Oklahoma State University Cowboys : RHP Matt Parsons
|
|
Pitching: RHP Matt Parsons
|
|
|
Batting: RHB Hikaru Nakata
|
0-0: Called Strike 0-1: Ball 1-1: Ball 2-1: Called Strike 2-2: Foul Ball, location: 2F 2-2: Ball 3-2: Base on Balls
|
|
Batting: RHB Aaron Burnet
|
0-0: Ball 1-0: Ball 2-0: Swinging Strike 2-1: Foul Ball, location: 2F 2-2: Foul Ball, location: 2F 2-2: Foul Ball, location: 2F 2-2: Strikes out swinging
|
|
Batting: SHB Ken Griffey IV
|
0-0: Ball 1-0: Ball 2-0: Called Strike 2-1: 2-RUN HOME RUN (Flyball, 8LXD, EV 116.9 MPH), Distance : 478 ft
|
|
Batting: LHB Ben Roth
|
0-0: Called Strike 0-1: Ball 1-1: Foul Ball, location: 2F 1-2: Foul Ball, location: 2F 1-2: Strikes out swinging
|
|
Batting: RHB Matt Williams
|
0-0: Called Strike 0-1: Called Strike 0-2: Ground out 6-3 (Groundball, 56, EV 87.5 MPH)
|
| Top of the 1st over - 2 runs, 1 hit, 0 errors, 0 left on base; Ohio State University 2 - Oklahoma State University 0 |
| BOTTOM OF THE 1ST |
|
Oklahoma State University Cowboys batting - Pitching for Ohio State University Buckeyes : RHP Luis Flores
|
|
Pitching: RHP Luis Flores
|
|
|
Batting: RHB Settan Nakamura
|
0-0: Ball 1-0: Fly out, F7 (Flyball, 7D, EV 98.1 MPH)
|
|
Batting: RHB Dennis Bennett
|
0-0: Foul Ball, location: 2F 0-1: Ground out 4-3 (Groundball, 34, EV 88.1 MPH)
|
|
Batting: RHB Ben Saxton
|
0-0: Ball 1-0: Ball 2-0: Ball 3-0: Base on Balls
|
|
Batting: LHB Rafael Banda
|
0-0: Foul Ball, location: 2F 0-1: Ball Wild Pitch! Ben Saxton to second 1-1: Called Strike 1-2: Strikes out swinging
|
| Bottom of the 1st over - 0 runs, 0 hits, 0 errors, 1 left on base; Ohio State University 2 - Oklahoma State University 0 |
| TOP OF THE 2ND |
|
Ohio State University Buckeyes batting - Pitching for Oklahoma State University Cowboys : RHP Matt Parsons
|
|
Batting: RHB Gustavo Delgado
|
0-0: SINGLE (Groundball, 6MD, EV 103.1 MPH)
|
|
Batting: RHB Michihisa Tanaka
|
0-0: Called Strike 0-1: Foul Ball, location: 2F 0-2: Ball 1-2: Ball 2-2: Grounds into double play, 5-4-3 (Groundball, 5S, EV 83.1 MPH)
|
|
Batting: RHB Jeff Standridge
|
0-0: Ball 1-0: Swinging Strike 1-1: Foul Ball, location: 2F 1-2: Ground out 3-1 (Groundball, 34, EV 88.1 MPH)
|
| Top of the 2nd over - 0 runs, 1 hit, 0 errors, 0 left on base; Ohio State University 2 - Oklahoma State University 0 |
| BOTTOM OF THE 2ND |
|
Oklahoma State University Cowboys batting - Pitching for Ohio State University Buckeyes : RHP Luis Flores
|
|
Batting: RHB Masakuni Takeuchi
|
0-0: Foul Ball, location: 2F 0-1: SINGLE (Line Drive, 78S, EV 108.8 MPH)
|
|
Batting: SHB Mel Gonzalez
|
0-0: Called Strike 0-1: Ball 1-1: Ball 2-1: Foul Ball, location: 2F 2-2: Foul Ball, location: 2F 2-2: SINGLE (Line Drive, 3D, EV 98.8 MPH) Masakuni Takeuchi to second
|
|
Batting: LHB Vecdi Ertegun
|
0-0: Called Strike 0-1: Ball 1-1: Fielders Choice at 2nd, 4-6 (Groundball, 4, EV 108.1 MPH) Masakuni Takeuchi to third
|
|
Batting: RHB Ji-an See-to
|
0-0: Ball Vecdi Ertegun steals 2nd base 1-0: Swinging Strike 1-1: Fly out, F7 (Flyball, 7D, EV 95.0 MPH) Runner from 3rd tags up, SCORES, throw by LF Vecdi Ertegun to third
|
|
Batting: RHB Hidemitsu Matsuno
|
0-0: Ball 1-0: Ball 2-0: Called Strike 2-1: Ball 3-1: Fly out, F8 (Flyball, 8LM, EV 90.0 MPH)
|
| Bottom of the 2nd over - 1 run, 2 hits, 0 errors, 1 left on base; Ohio State University 2 - Oklahoma State University 1 |
| TOP OF THE 3RD |
|
Ohio State University Buckeyes batting - Pitching for Oklahoma State University Cowboys : RHP Matt Parsons
|
|
Batting: RHB Dave Villarreal
|
0-0: Ball 1-0: Ball 2-0: SINGLE (Groundball, 6MS, EV 93.8 MPH) (infield hit)
|
|
Batting: RHB Hikaru Nakata
|
0-0: Foul Ball, location: 2F 0-1: Foul Ball, location: 2F 0-2: Ball 1-2: Strikes out looking
|
|
Batting: RHB Aaron Burnet
|
0-0: Called Strike 0-1: Ball 1-1: Called Strike 1-2: Strikes out swinging
|
|
Batting: SHB Ken Griffey IV
|
0-0: Ball 1-0: Called Strike 1-1: Fly out, F8 (Flyball, 78M, EV 93.1 MPH)
|
| Top of the 3rd over - 0 runs, 1 hit, 0 errors, 1 left on base; Ohio State University 2 - Oklahoma State University 1 |
| BOTTOM OF THE 3RD |
|
Oklahoma State University Cowboys batting - Pitching for Ohio State University Buckeyes : RHP Luis Flores
|
|
Batting: RHB Settan Nakamura
|
0-0: DOUBLE (Flyball, 78XD, EV 104.4 MPH)
|
|
Batting: RHB Dennis Bennett
|
0-0: Fly out, F7 (Flyball, 7D, EV 107.5 MPH) Runner from 2nd tags up, SAFE at 3rd, no throw by LF
|
|
Batting: RHB Ben Saxton
|
0-0: Called Strike 0-1: Ball 1-1: Called Strike 1-2: Ball 2-2: Ball 3-2: Base on Balls
|
|
Batting: LHB Rafael Banda
|
0-0: Ball 1-0: Fly out, F9 (Flyball, 89S, EV 96.9 MPH)
|
|
Batting: RHB Masakuni Takeuchi
|
0-0: Fielders Choice at 2nd, 5-4 (Groundball, 5, EV 88.8 MPH)
|
| Bottom of the 3rd over - 0 runs, 1 hit, 0 errors, 2 left on base; Ohio State University 2 - Oklahoma State University 1 |
| TOP OF THE 4TH |
|
Ohio State University Buckeyes batting - Pitching for Oklahoma State University Cowboys : RHP Matt Parsons
|
|
Batting: LHB Ben Roth
|
0-0: Ball 1-0: Ball 2-0: Called Strike 2-1: Ball 3-1: Base on Balls
|
|
Batting: RHB Matt Williams
|
0-0: Foul Ball, location: 2F 0-1: Called Strike 0-2: Ball 1-2: Ball 2-2: Foul Ball, location: 2F 2-2: Ball 3-2: DOUBLE (Line Drive, 9LS, EV 91.9 MPH) Ben Roth to third
|
|
Pitching: RHP Chang-wei Quian
|
|
|
Batting: RHB Gustavo Delgado
|
0-0: Called Strike 0-1: Ball 1-1: Called Strike 1-2: Strikes out swinging
|
|
Batting: RHB Michihisa Tanaka
|
0-0: Called Strike 0-1: Foul Ball, location: 2F 0-2: Ball 1-2: Ball 2-2: Foul Ball, location: 2F 2-2: Ground out 6-3 (Groundball, 6MS, EV 65.6 MPH) Ben Roth scores Matt Williams to third
|
|
Batting: RHB Jeff Standridge
|
0-0: Called Strike 0-1: Called Strike 0-2: Strikes out looking
|
| Top of the 4th over - 1 run, 1 hit, 0 errors, 1 left on base; Ohio State University 3 - Oklahoma State University 1 |
| BOTTOM OF THE 4TH |
|
Oklahoma State University Cowboys batting - Pitching for Ohio State University Buckeyes : RHP Luis Flores
|
|
Batting: SHB Mel Gonzalez
|
0-0: Ground out 4-3 (Groundball, 4M, EV 91.9 MPH)
|
|
Batting: LHB Vecdi Ertegun
|
0-0: Fly out, F7 (Line Drive, 7, EV 100.0 MPH)
|
|
Batting: RHB Ji-an See-to
|
0-0: Ball 1-0: Fly out, F9 (Flyball, 9LM, EV 81.2 MPH)
|
| Bottom of the 4th over - 0 runs, 0 hits, 0 errors, 0 left on base; Ohio State University 3 - Oklahoma State University 1 |
| TOP OF THE 5TH |
|
Ohio State University Buckeyes batting - Pitching for Oklahoma State University Cowboys : RHP Chang-wei Quian
|
|
Now at C: Oscar Hernandez
|
|
|
Now at 2B: Dennis Bennett
|
|
|
Now at SS: Ivan Torres
|
|
|
Now in LF: Mennad Maalik
|
|
|
Now in CF: Alex Montiel
|
|
|
Now in RF: Gong Tow
|
|
|
Batting: RHB Dave Villarreal
|
0-0: Foul Ball, location: 2F 0-1: Swinging Strike 0-2: Ball 1-2: Foul Ball, location: 2F 1-2: Ball 2-2: Ground out 6-3 (Groundball, 6S, EV 85.6 MPH)
|
|
Pinch Hitting: LHB Danny Schultz
|
0-0: Called Strike 0-1: Called Strike 0-2: Ball 1-2: Foul Ball, location: 2F 1-2: Ball 2-2: Fly out, F9 (Flyball, 9, EV 77.5 MPH)
|
|
Batting: RHB Aaron Burnet
|
0-0: Ball 1-0: Foul Ball, location: 2F 1-1: Fly out, F8 (Flyball, 8RD, EV 103.8 MPH)
|
| Top of the 5th over - 0 runs, 0 hits, 0 errors, 0 left on base; Ohio State University 3 - Oklahoma State University 1 |
| BOTTOM OF THE 5TH |
|
Oklahoma State University Cowboys batting - Pitching for Ohio State University Buckeyes : RHP Luis Flores
|
|
Now at 3B: Al Lara
|
|
|
Now in LF: B.J. Clark
|
|
|
Now in CF: Brian Van
|
|
|
Now in RF: Yu-shu Ni
|
|
|
Batting: RHB Hidemitsu Matsuno
|
0-0: Called Strike 0-1: Ground out 4-3 (Groundball, 4, EV 91.2 MPH)
|
|
Batting: RHB Mennad Maalik
|
0-0: Swinging Strike 0-1: Foul Ball, location: 2F 0-2: Ball 1-2: Ball 2-2: Ball 3-2: Ground out U3 (Groundball, 13, EV 91.9 MPH)
|
|
Batting: RHB Dennis Bennett
|
0-0: Ball 1-0: SINGLE (Groundball, 4MS, EV 76.2 MPH) (infield hit)
|
|
Batting: RHB Ben Saxton
|
0-0: Called Strike 0-1: SINGLE (Groundball, 4M, EV 101.2 MPH) (infield hit) Dennis Bennett to second
|
|
Batting: RHB Ivan Torres
|
0-0: Foul Ball, location: 2F 0-1: Ground out 3-1 (Groundball, 34, EV 102.5 MPH)
|
| Bottom of the 5th over - 0 runs, 2 hits, 0 errors, 2 left on base; Ohio State University 3 - Oklahoma State University 1 |
| TOP OF THE 6TH |
|
Ohio State University Buckeyes batting - Pitching for Oklahoma State University Cowboys : RHP Chang-wei Quian
|
|
Pitching: RHP Eddie Larnach
|
|
|
Now at 1B: Justin Klein
|
|
|
Now at 3B: Isaac Washington
|
|
|
Batting: LHB Yu-shu Ni
|
0-0: Ball 1-0: SINGLE (Groundball, 5D, EV 104.4 MPH)
|
|
Pinch Hitting: RHB John Britton
|
0-0: Grounds into double play, 5-4-3 (Groundball, 56, EV 102.5 MPH)
|
|
Batting: LHB Ricardo Torres
|
0-0: Foul Ball, location: 2F 0-1: Fly out, F7 (Flyball, 7, EV 88.1 MPH)
|
| Top of the 6th over - 0 runs, 1 hit, 0 errors, 0 left on base; Ohio State University 3 - Oklahoma State University 1 |
| BOTTOM OF THE 6TH |
|
Oklahoma State University Cowboys batting - Pitching for Ohio State University Buckeyes : RHP Luis Flores
|
|
Now at 1B: Juan Araiza
|
|
|
Now at SS: Danny Rosario
|
|
|
Batting: RHB Armando Moreno
|
0-0: Foul Ball, location: 2F 0-1: DOUBLE (Flyball, 9D, EV 105.6 MPH)
|
|
Batting: LHB Gong Tow
|
0-0: Foul Ball, location: 2F 0-1: SINGLE (Groundball, 4MS, EV 70.0 MPH) (infield hit) Armando Moreno to third
|
|
Batting: RHB Oscar Hernandez
|
0-0: Grounds into double play, 5-4-3 (Groundball, 56, EV 106.9 MPH) Armando Moreno scores
|
|
Batting: RHB Alex Montiel
|
0-0: Ball 1-0: Called Strike 1-1: Ball 2-1: Ball 3-1: Ground out U3 (Groundball, 34, EV 94.4 MPH)
|
| Bottom of the 6th over - 1 run, 2 hits, 0 errors, 0 left on base; Ohio State University 3 - Oklahoma State University 2 |
| TOP OF THE 7TH |
|
Ohio State University Buckeyes batting - Pitching for Oklahoma State University Cowboys : RHP Eddie Larnach
|
|
Now at 2B: Tatsunori Ishigaki
|
|
|
Batting: RHB Danny Rosario
|
0-0: DOUBLE (Line Drive, 7LM, EV 105.6 MPH)
|
|
Batting: LHB Brian Van
|
0-0: Foul Ball, location: 2F Balk! Danny Rosario to third 0-1: Foul Ball, location: 2F 0-2: Foul Ball, location: 2F 0-2: Ball Wild Pitch! Danny Rosario scores 1-2: Strikes out swinging
|
|
Pinch Hitting: RHB Mike Vaughan
|
0-0: Fly out, F8 (Flyball, 8RM, EV 73.8 MPH)
|
|
Batting: RHB Dave Villarreal
|
0-0: Called Strike 0-1: Ball 1-1: Called Strike 1-2: Fly out, F9 (Line Drive, 9S, EV 93.8 MPH)
|
| Top of the 7th over - 1 run, 1 hit, 0 errors, 0 left on base; Ohio State University 4 - Oklahoma State University 2 |
| BOTTOM OF THE 7TH |
|
Oklahoma State University Cowboys batting - Pitching for Ohio State University Buckeyes : RHP Luis Flores
|
|
Pitching: RHP Max Carter
|
|
|
Now at 2B: Tony Vasquez
|
|
|
Batting: RHB Justin Klein
|
0-0: Ground out 3-1 (Groundball, 34S, EV 87.5 MPH)
|
|
Batting: RHB Mennad Maalik
|
0-0: Foul Ball, location: 2F 0-1: Ball 1-1: Called Strike 1-2: Ball 2-2: Ball 3-2: Fly out, F8 (Flyball, 8LM, EV 95.0 MPH)
|
|
Batting: RHB Tatsunori Ishigaki
|
0-0: Called Strike 0-1: Foul Ball, location: 2F 0-2: Ball 1-2: Ball 2-2: Strikes out swinging
|
| Bottom of the 7th over - 0 runs, 0 hits, 0 errors, 0 left on base; Ohio State University 4 - Oklahoma State University 2 |
| TOP OF THE 8TH |
|
Ohio State University Buckeyes batting - Pitching for Oklahoma State University Cowboys : RHP Eddie Larnach
|
|
Pitching: RHP Safe-eldin Enobakhare
|
|
|
Batting: RHB Al Lara
|
0-0: Called Strike 0-1: SINGLE (Groundball, 6D, EV 115.6 MPH)
|
|
Batting: RHB B.J. Clark
|
0-0: Ball 1-0: Fielders Choice at 2nd, 3-6 (Groundball, 34S, EV 78.1 MPH)
|
|
Batting: LHB Yu-shu Ni
|
0-0: Foul Ball, location: 2F 0-1: Ball 1-1: Foul Ball, location: 2F 1-2: Strikes out swinging
|
|
Batting: RHB Juan Araiza
|
0-0: Called Strike 0-1: Fly out, F9 (Flyball, 9S, EV 86.2 MPH)
|
| Top of the 8th over - 0 runs, 1 hit, 0 errors, 1 left on base; Ohio State University 4 - Oklahoma State University 2 |
| BOTTOM OF THE 8TH |
|
Oklahoma State University Cowboys batting - Pitching for Ohio State University Buckeyes : RHP Max Carter
|
|
Batting: RHB Isaac Washington
|
0-0: Called Strike 0-1: Ball 1-1: Ball 2-1: Ball 3-1: Called Strike 3-2: Foul Ball, location: 2F 3-2: Base on Balls
|
|
Pinch Hitting: RHB Mark Tart
|
0-0: Ball 1-0: Ball 2-0: Called Strike 2-1: SINGLE (Line Drive, 9S, EV 110.0 MPH) Isaac Washington to second
|
|
Batting: RHB Armando Moreno
|
0-0: Ball 1-0: Ball 2-0: Called Strike 2-1: Ball 3-1: Base on Balls Isaac Washington to third Mark Tart to second
|
|
Batting: LHB Gong Tow
|
0-0: Fly out, F9 (Flyball, 8RS, EV 95.0 MPH)
|
|
Batting: RHB Oscar Hernandez
|
0-0: Called Strike 0-1: Grounds into fielders choice 1-2 (Groundball, 13S, EV 75.6 MPH) Mark Tart to third Armando Moreno to second
|
|
Batting: RHB Alex Montiel
|
0-0: Ground out 1-3 (Groundball, 34S, EV 71.2 MPH)
|
| Bottom of the 8th over - 0 runs, 1 hit, 0 errors, 3 left on base; Ohio State University 4 - Oklahoma State University 2 |
| TOP OF THE 9TH |
|
Ohio State University Buckeyes batting - Pitching for Oklahoma State University Cowboys : RHP Safe-eldin Enobakhare
|
|
Now at SS: Pedro Luera
|
|
|
Batting: LHB Ricardo Torres
|
0-0: Swinging Strike 0-1: Ball 1-1: Ball 2-1: Swinging Strike 2-2: Ball 3-2: SOLO HOME RUN (Flyball, 9D, EV 95.0 MPH), Distance : 368 ft
|
|
Batting: RHB Danny Rosario
|
0-0: Ground out 6-3 (Groundball, 6, EV 98.8 MPH)
|
|
Batting: LHB Brian Van
|
0-0: Ball 1-0: Called Strike 1-1: Called Strike 1-2: Ball 2-2: Foul Ball, location: 2F 2-2: Ball 3-2: Fly out, F9 (Flyball, 89S, EV 88.1 MPH)
|
|
Batting: RHB Tony Vasquez
|
0-0: Ball 1-0: Foul Ball, location: 2F 1-1: Ball 2-1: Swinging Strike 2-2: Foul Ball, location: 2F 2-2: Ground out 1-3 (Groundball, P, EV 68.1 MPH)
|
| Top of the 9th over - 1 run, 1 hit, 0 errors, 0 left on base; Ohio State University 5 - Oklahoma State University 2 |
| BOTTOM OF THE 9TH |
|
Oklahoma State University Cowboys batting - Pitching for Ohio State University Buckeyes : RHP Max Carter
|
|
Pitching: RHP Gabriel Bass
|
|
|
Pinch Hitting: RHB Fernando Tovar
|
0-0: Called Strike 0-1: Foul Ball, location: 2F 0-2: Ball 1-2: Reached on error, E5 (Groundball, 5, EV 108.1 MPH)
|
|
Batting: RHB Mennad Maalik
|
0-0: Called Strike 0-1: Swinging Strike 0-2: Ball 1-2: Fly out, F8 (Line Drive, 89M, EV 94.4 MPH)
|
|
Pinch Hitting: LHB Jose Peralez
|
0-0: Fly out, F7 (Line Drive, 7D, EV 90.6 MPH)
|
|
Batting: RHB Isaac Washington
|
0-0: Called Strike 0-1: Ground out 1-3 (Groundball, 15S, EV 61.2 MPH)
|
| Bottom of the 9th over - 0 runs, 0 hits, 1 error, 1 left on base; Ohio State University 5 - Oklahoma State University 2 |
|